 Dungeon Crawl Stone Soup version 0.13.1-2-gfb2c2b7 (webtiles) character file.

279 Lilouch the Poker (level 5, -2/35 HPs)
             Began as a Demonspawn Chaos Knight on Dec 11, 2013.
             Was a Plaything of Xom.
             Slain by Terence
             ... wielding a +2,+0 flail
              (5 damage)
             ... on Level 3 of the Dungeon.
             The game lasted 00:07:38 (2701 turns).

Lilouch the Poker (Demonspawn Chaos Knight)         Turns: 2701, Time: 00:07:38

HP  -2/35        AC  5     Str 15      XL: 5   Next: 12%
MP   5/5         EV 10     Int 14      God: Xom
Gold 126         SH  0     Dex 12      Spells:  0 memorised,  4 levels left

Res.Fire  : . . .   See Invis. : .   m - -2,+0 spear (curse)
Res.Cold  : . . .   Warding    : .   b - +2 leather armour
Life Prot.: . . .   Conserve   : .   (no shield)
Res.Poison: .       Res.Corr.  : .   (no helmet)
Res.Elec. : .       Clarity    : .   (no cloak)
Sust.Abil.: . .     Spirit.Shd : .   (no gloves)
Res.Mut.  : .       Stasis     : .   (no boots)
Res.Rott. : .       Flight     : .   (no amulet)
Saprovore : . . .                    (no ring)
                                     (no ring)

@: slightly resistant to hostile enchantments, very unstealthy
A: claws 1, -10% hp, Str +2
a: Renounce Religion


You were on level 3 of the Dungeon.
You worshipped Xom.
You were a beloved toy of Xom.
You were not hungry.

You visited 1 branch of the dungeon, and saw 3 of its levels.

You collected 106 gold pieces.

Inventory:

Hand weapons
 a - a +0,+0 spear of chaos {=f}
 m - a cursed -2,+0 spear (weapon)
 o - a +5,+5 scythe of flaming
Armour
 b - a +2 leather armour (worn)
Comestibles
 c - 2 bread rations
 l - an apple
 r - an apricot
 v - a rotting chunk of worm flesh
Scrolls
 e - a scroll of enchant weapon I {unknown}
 h - 2 scrolls of identify {unknown}
 n - a scroll of curse jewellery {unknown}
 p - a scroll of teleportation
 q - 2 scrolls of remove curse {unknown}
 s - a scroll of blinking {unknown}
Jewellery
 j - a +2 ring of strength {unknown}
Potions
 d - 3 potions of curing
 f - 2 potions of cure mutation {unknown}
 g - a potion of heal wounds
 i - a potion of poison {unknown}
 k - a potion of resistance {unknown}
Books
 t - a book of Fire

   Spells                             Type                      Level
   Fire Brand                         Charms/Fire                  2
   Ignite Poison                      Fire/Transmutation           5
   Fireball                           Conjuration/Fire             5
   Bolt of Fire                       Conjuration/Fire             6
   Delayed Fireball                   Conjuration/Fire             7
   Ring of Flames                     Charms/Fire                  7


   Skills:
 - Level 3.0 Fighting
 + Level 4.1 Polearms
 + Level 3.7 Armour
 - Level 0.8 Dodging


You had 4 spell levels left.
You didn't know any spells.

Dungeon Overview and Level Annotations

Branches:
Dungeon (3/27)

Altars:
Ashenzari
Elyvilon
Xom
Zin

Annotations:
D:3 Terence


Innate Abilities, Weirdness & Mutations

You have sharp fingernails.
You are frail (-10% HP).
Your muscles are strong. (Str +2)


Message History

Terence is lightly wounded.
Terence barely misses you.
The quokka twitches its whiskers.
You barely miss Terence.
Terence is lightly wounded.
Terence barely misses you.
You hit Terence.
Terence is lightly wounded.
Terence hits you with a flail.
* * * LOW HITPOINT WARNING * * *
You barely miss Terence.
Terence is lightly wounded.
You hit Terence.
Terence is moderately wounded.
Terence hits you with a flail!
* * * LOW HITPOINT WARNING * * *
You closely miss Terence.
Terence is moderately wounded.
Terence hits you with a flail.
You die...

##.#####.#######.#..####o....$...
#......>..............og........
#.#####.#######.#..####o.....$.$
#.# #..... #.#..# ####.##### #.#
#...... #.#..# .# #.#
#.......##.#..####### #
#.........rK@.....%...
#.......##@#.....#### ##.###
#@#.....# . #.#........
........... ##.#.....## .......>.
#....... #...... #... . ###


You could see Terence, a quokka and a kobold.

Vanquished Creatures
  A gnoll (shapeshifter) (D:1)
  2 adders (D:3)
  A giant mite (D:3)
  4 worms
  An ooze (D:1)
  An orc (D:3)
  A ball python (D:1)
  9 bats
  A giant cockroach (D:1)
  2 hobgoblins
  8 kobolds
  3 giant newts
  12 goblins
  A quokka (D:2)
  8 rats
55 creatures vanquished.

Vanquished Creatures (collateral kills)
  Sigmund (D:2)
  A giant cockroach (D:2)
  2 hobgoblins (D:2)
  A kobold (D:2)
5 creatures vanquished.

Grand Total: 60 creatures vanquished

Notes
Turn   | Place    | Note
--------------------------------------------------------------
     0 | D:1      | Lilouch, the Demonspawn Chaos Knight, began the quest for the Orb.
     0 | D:1      | Reached XP level 1. HP: 16/16 MP: 1/1
   238 | D:1      | Gained mutation: You have sharp fingernails. [demonic ancestry]
   238 | D:1      | Reached XP level 2. HP: 22/22 MP: 2/2
   256 | D:1      | XOM: colour smoke trail
   337 | D:1      | HP: 1/22 [boggart (shapeshifter) (7)]
   477 | D:1      | Reached XP level 3. HP: 14/28 MP: 3/3
   698 | D:1      | XOM: divination: magic mapping
   870 | D:1      | XOM: divination: detect creatures
  1010 | D:2      | Noticed Sigmund
  1010 | D:2      | XOM: potion effect (invisibility)
  1016 | D:2      | Killed Sigmund
  1016 | D:2      | Reached XP level 4. HP: 34/34 MP: 4/4
  1153 | D:2      | Found a glowing silver altar of Zin.
  1156 | D:2      | Found a shattered altar of Ashenzari.
  1159 | D:2      | Found a white marble altar of Elyvilon.
  1404 | D:2      | XOM: vitrification
  1528 | D:2      | XOM: god gift: long sword {god gift}
  1537 | D:2      | XOM: give mutations
  1537 | D:2      | Gained mutation: Your muscles are strong. (Str +2) [Xom's mischief]
  1537 | D:2      | Gained mutation: You are frail (-10% HP). [Xom's mischief]
  1940 | D:3      | HP: 1/30 [poisoned by an adder]
  2128 | D:3      | Reached skill level 4 in Polearms
  2350 | D:3      | XOM: confuse monster(s)
  2409 | D:3      | Reached XP level 5. HP: 11/35 MP: 5/5
  2570 | D:3      | XOM: god gift: leather armour {god gift}
  2623 | D:3      | XOM: scenery: create altars
  2680 | D:3      | Noticed Terence
  2701 | D:3      | Slain by Terence

Action                   |  1- 3 |  4- 6 || total
-------------------------+-------+-------++-------
Melee: Spear             |   126 |   185 ||   311
  Use: Scroll            |       |     5 ||     5
       Potion            |       |     5 ||     5
 Stab: Confused          |       |     3 ||     3
